 Dungeon Crawl Stone Soup version 0.24.0-13-gcf9b3192b9 (webtiles) character file.

Game seed: 17568519051815959832, levelgen mode: deterministic

60 Iamsoldier the Skirmisher (level 4, -1/29 HPs)
             Began as a Gargoyle Fighter on Nov 5, 2019.
             Slain by a worm (6 damage)
             ... on level 2 of the Dungeon.
             The game lasted 00:02:22 (1048 turns).

Iamsoldier the Skirmisher (Gargoyle Fighter)        Turns: 1048, Time: 00:02:23

Health: -1/29      AC: 10    Str: 20    XL:     4   Next: 4%
Magic:  4/4        EV:  7    Int:  9    God:
Gold:   47         SH:  9    Dex:  9    Spells: 3/3 levels left

rFire    . . .     SeeInvis .   a - +0 flail
rCold    + . .     Gourm    .   c - +0 shield
rNeg     + . .     Faith    .   b - +0 scale mail
rPois    ∞         Spirit   .   (no helmet)
rElec    +         Reflect  .   (no cloak)
rCorr    .         Harm     .   (no gloves)
MR       .....                  (no boots)
Stlth    ..........             (no amulet)
HPRegen  0.09/turn              j - ring of protection from cold
MPRegen  0.09/turn              (no ring)

@: no status effects
A: negative energy resistance 1, electricity resistance, unbreathing,
petrification resistance, rot immunity, AC +3
a: no special abilities


You were on level 2 of the Dungeon.
You were hungry.

You visited 1 branch of the dungeon, and saw 2 of its levels.

You collected 47 gold pieces.

Inventory:

Hand Weapons
 a - a +0 flail (weapon)
Armour
 b - a +0 scale mail (worn)
 c - a +0 shield (worn)
Jewellery
 j - a ring of protection from cold (left hand)
Scrolls
 e - a scroll of teleportation {unknown}
 g - a scroll of blinking {unknown}
 h - a scroll of fear {unknown}
 i - 2 scrolls of remove curse {unknown}
 k - a scroll of magic mapping {unknown}
 l - a scroll of enchant weapon {unknown}
Potions
 d - 2 potions of might
Comestibles
 f - 2 rations


   Skills:
 * Level 4.1 Fighting
 * Level 2.9 Maces & Flails
 + Level 3.6 Armour
 + Level 3.6 Shields


You had 3 spell levels left.
You didn't know any spells.
Your spell library was empty.

Dungeon Overview and Level Annotations

Branches:
Dungeon (2/15)

Altars:


Innate Abilities, Weirdness & Mutations

You are resistant to torment.
Your stone body is resilient. (AC +3)
You are immune to poison.
You resist negative energy. (rN+)
You are resistant to electric shocks. (rElec)
You can survive without breathing.
You are immune to petrification.
You are immune to rotting.


Message History

The bat hits you but does no damage. The adder bites you but does no damage.
The worm bites you. The adder closely misses you.
You barely miss the adder.
The adder is severely wounded.
You block the adder's attack. You block the worm's attack.
The adder barely misses you.
You closely miss the adder.
The adder is severely wounded.
The bat hits you but does no damage. You block the adder's attack.
The worm bites you but does no damage. The adder barely misses you.
You closely miss the adder.
The adder is severely wounded.
You block the bat's attack. The adder bites you. The worm bites you.
* * * LOW HITPOINT WARNING * * *
You miss the adder.
The adder is severely wounded.
The adder closely misses you. You block the bat's attack. The adder bites you.
* * * LOW HITPOINT WARNING * * *
The worm bites you.
You die...

#.# #.# .....? #.#
.....> #.# #...... #.#
.....$. # ######.#
.......
##.######......##.......
#.............##Sw......
..........###.##@.#
#..####........b..#
#.................#
#...###.<.........#
...........##.#.###
#...###...[.#.#.#
.........)....#.#
................#
#..##..........##


You could see a worm, an adder and a bat.

Vanquished Creatures
  Jessica (D:2)
  2 oozes
  2 dart slugs (D:1)
  A bat (D:1)
  A giant cockroach (D:1)
  5 goblins (D:1)
  2 hobgoblins (D:1)
  2 kobolds (D:1)
  2 frilled lizards
  4 rats (D:1)
22 creatures vanquished.

Notes
Turn   | Place    | Note
-------+----------+-------------------------------------------
     0 | D:1      | Iamsoldier the Gargoyle Fighter began the quest for the
                  | Orb.
     0 | D:1      | Reached XP level 1. HP: 14/14 MP: 1/1
    43 | D:1      | Reached XP level 2. HP: 14/19 MP: 2/2
   566 | D:1      | Reached XP level 3. HP: 24/24 MP: 3/3
   963 | D:2      | Noticed Jessica
   985 | D:2      | Killed Jessica
   985 | D:2      | Reached skill level 4 in Fighting
   985 | D:2      | Reached XP level 4. HP: 22/29 MP: 4/4
  1048 | D:2      | Slain by a worm

Levels and vault maps discovered:
D:1:      lemuel_arrival_cross, layout_basic, minmay_misc_feat_room
D:2:      layout_loops_ring, uniq_jessica

Skill      XL: |  1  2  3 |
---------------+----------+-----
Fighting       | 4 |  4.1
Maces & Flails | |  2.9
Armour         | |  3.6
Shields        | |  3.6

Action                   |  1- 3 |  4- 6 || total
-------------------------+-------+-------++-------
Melee: Flail             |    82 |    27 ||   109
Armor: Scale mail        |    31 |    38 ||    69
Dodge: Dodged            |    17 |    17 ||    34
Block: Shield            |    40 |    27 ||    67
